cohdb
Replays
Latest Replays
All Replays
Popular Replays
Top Player Replays
Match Explorer
How It Works
Community
CoH3 Stats
Reddit
Sign in to upload your games and track your stats! →
Sign in with Steam
Match 45096679
Unlisted
Match 45096679
Overview
Messages
Build Orders
End
Construct Infanterie Kompanie
Selects Luftwaffe Battlegroup
Selects Luftwaffe Pioneer Support
Fallschirmpioneer Squad Paradrop
Grenadier Squad
Grenadier Squad
MG 42 Machine Gun Team
Construct Luftwaffe Kompanie
Jäger Squad
Selects Reconnaissance Run
Selects Fallschirmjäger Squad Paradrop
Medical Bunker
Fallschirmjäger Squad Paradrop
Construct Panzer Kompanie
Panzer IV Medium Tank
Selects Stuka Loiter
Stuka Loiter
Stoßtruppen Squad
Selects Flak 38 Anti-Air Emplacement
Selects LG40 Recoilless Gun Paradrop
Panzer IV Medium Tank
Side Skirts
Panzer Officer Quarters
Landser
*Mule
FeriG
Ra11
Arnie
VvvV
Lord Curzon
rune41
0
0
Comments
sign in to comment!
No comments posted yet!